 Dungeon Crawl Stone Soup version 0.22.0-49-gab54619 (webtiles) character file.

525 Lavandula the Chopper (level 7, -2/58 HPs)
             Began as a Centaur Berserker on Sept 3, 2018.
             Was a Believer of Trog.
             Slain by an orc
             ... wielding a +0 mace
              (6 damage)
             ... on level 4 of the Dungeon.
             The game lasted 00:06:05 (939 turns).

Lavandula the Chopper (Centaur Berserker)            Turns: 939, Time: 00:06:06

Health: -2/58      AC:  8    Str: 22    XL:     7   Next: 2%
Magic:  7/7        EV:  9    Int:  6    God:    Trog [**....]
Gold:   107        SH:  0    Dex:  8    Spells: 6/6 levels left

rFire    . . .     SeeInvis .   a - +0 hand axe
rCold    . . .     Gourm    .   (no shield)
rNeg     . . .     Faith    .   k - +0 ring mail
rPois    .         Spirit   .   (no helmet)
rElec    .         Reflect  .   (no cloak)
rCorr    .         Harm     .   (no gloves)
MR       .....                  (no barding)
Stlth    +.........             (no amulet)
HPRegen  0.19/turn              i - +3 ring of protection
MPRegen  0.10/turn              j - ring of stealth

@: berserk cooldown, slowed
A: large, hooves 3, deformed body, speed 2, tough skin 3
a: Berserk, Trog's Hand, Renounce Religion


You were on level 4 of the Dungeon.
You worshipped Trog.
Trog was pleased with you.
You were hungry.

You visited 1 branch of the dungeon, and saw 5 of its levels.

You collected 107 gold pieces.

Inventory:

Hand Weapons
 a - a +0 hand axe (weapon)
Armour
 b - a +0 animal skin
 k - a +0 ring mail (worn)
Jewellery
 i - a +3 ring of protection (left hand)
 j - a ring of stealth (right hand)
Scrolls
 e - 3 scrolls of noise {unknown}
 g - 2 scrolls of identify {unknown}
 m - a scroll of blinking {unknown}
Potions
 h - a potion of haste {unknown}
Comestibles
 c - 4 rations


   Skills:
 + Level 3.7 Fighting
 - Level 7.0 Axes
 - Level 1.3 Armour
 - Level 1.3 Dodging


You had 6 spell levels left.
You didn't know any spells.
Your spell library was empty.

Dungeon Overview and Level Annotations

Branches:
Dungeon (5/15)
 Temple: D:4-7

Altars:
Cheibriados
Nemelex Xobeh
Ru

Annotations:
D:4 1 runed door, Lew's ghost, novice GrFi


Innate Abilities, Weirdness & Mutations

You have hooves in place of feet.
Armour fits poorly on your strangely shaped body.
You cover ground very quickly.
You have extremely tough skin. (AC +3)


Message History

Beogh smites you! The orc hits you with a mace. The scorpion stings you!
The orc priest invokes the aid of Beogh against you.
Beogh smites you!
* * * LOW HITPOINT WARNING * * *
It was a potion of berserk rage.
You're still recovering from your berserk rage.
The orc barely misses you. The scorpion barely misses you.
The scorpion stings you.
* * * LOW HITPOINT WARNING * * *
You are poisoned.
The scorpion poisons you! The orc hits you but does no damage.
The orc hits you with a mace.
* * * LOW HITPOINT WARNING * * *
It was a potion of curing.
You feel better.
You are feeling hungry.
The scorpion stings you but does no damage.
The orc hits you with a hand axe.
* * * LOW HITPOINT WARNING * * *
The orc hits you with a mace.
You die...

.# .# ≈≈.# #. .#
..≈# #.# o# ._.≈#
#.s#### ##.# ...≈#
#PP..## #%.#.≈≈≈ #
### #^.# ##..#oo
..# ..#
####.####.o#o#...#
..#
#....)..).s@..#
..#
#.############.#
### #.# #.# #.# ##
#.# #.# ###.####
#......# #......#


You could see a scorpion, an orc priest, an orc wizard and 2 orcs.

Vanquished Creatures
  An ice beast (D:3)
  2 ogres (D:4)
  A centaur zombie (D:4)
  A hound (D:4)
  A bullfrog skeleton (D:4)
  An orc priest (D:4)
  2 worker ants (D:4)
  2 adders
  A shadow imp (D:4)
  An ooze (D:1)
  A worm (D:2)
  A dart slug (D:3)
  3 leopard geckos
  4 orcs (D:4)
  5 bats
  A giant cockroach (D:2)
  5 goblins
  2 hobgoblins
  8 jackals
  4 kobolds
  3 ball pythons
  3 frilled lizards
  A quokka skeleton (D:4)
  2 rats
56 creatures vanquished.

Vanquished Creatures (others)
  2 fungi (D:4)
2 creatures vanquished.

Grand Total: 58 creatures vanquished

Notes
Turn   | Place    | Note
-------+----------+-------------------------------------------
     0 | D:1      | Lavandula the Centaur Berserker began the quest for the
                  | Orb.
     0 | D:1      | Reached XP level 1. HP: 19/19 MP: 1/1
    42 | D:1      | Reached skill level 3 in Axes
    47 | D:1      | Reached XP level 2. HP: 23/26 MP: 2/2
   255 | D:2      | Found a snail-covered altar of Cheibriados.
   301 | D:3      | Reached XP level 3. HP: 16/31 MP: 3/3
   309 | D:3      | Noticed an ice beast
   320 | D:3      | Killed an ice beast
   320 | D:3      | Reached skill level 5 in Axes
   320 | D:3      | Reached XP level 4. HP: 14/38 MP: 4/4
   389 | D:3      | Reached ** piety under Trog
   393 | D:3      | Reached XP level 5. HP: 27/45 MP: 5/5
   552 | D:4      | Found a sparkling altar of Nemelex Xobeh.
   660 | D:5      | Entered Level 5 of the Dungeon
   676 | D:4      | Noticed an ogre
   676 | D:4      | Noticed an ogre
   681 | D:4      | Killed an ogre
   681 | D:4      | Reached skill level 6 in Axes
   681 | D:4      | Reached XP level 6. HP: 51/51 MP: 6/6
   767 | D:4      | Reached skill level 7 in Axes
   787 | D:4      | Found a runed door.
   788 | D:4      | Noticed Lew's ghost (novice GrFi)
   922 | D:4      | Reached XP level 7. HP: 58/58 MP: 7/7
   933 | D:4      | Found a sacrificial altar of Ru.
   939 | D:4      | Slain by an orc

Skill      XL: |  1  2  3  4  5  6 |
---------------+-------------------+-----
Axes           | 3 5 6 7 |  7.0
Fighting       | |  3.7
Armour         | |  1.3
Dodging        | |  1.3

Action                   |  1- 3 |  4- 6 |  7- 9 || total
-------------------------+-------+-------+-------++-------
Melee: Hand axe          |    63 |    57 |     2 ||   122
       Kick              |    12 |    13 |     2 ||    27
Invok: Berserk           |     2 |     7 |       ||     9
  Use: Potion            |       |       |     2 ||     2
  Eat: Chunk             |       |     3 |     1 ||     4
       Ration            |       |     1 |       ||     1
Armor: Animal skin       |    29 |    10 |       ||    39
       Ring mail         |       |    11 |     3 ||    14
Dodge: Dodged            |    22 |    27 |     4 ||    53
